AoeStats
← TopDogThor

MegaRandom

509231637Analyzed
4v4 RM · 6d ago on Sep 26, 2026· 54m 13s· 8 players
Game mode
Random Map
Map size
Large (8 player)
Population
200
Speed
Normal
Resources
Standard
Victory
Conquest
Starting age
Dark Age
Ending age
Imperial Age
RankedLock teamsTeams togetherTeam positionsShared explorationLock speedFull tech treeHidden civsTurbo modeCheats
Victory
Defeat
🇦🇷 Shu · Argentina
1456
+10
🇦🇷 Persians · Argentina
1442
+10
🇧🇷 Wu · Brazil
1318
+15
🇦🇷 Ethiopians · Argentina
1184
+20
🇦🇷 Vietnamese · Argentina
1358
-16
🇹🇷 Persians · Türkiye
1333
-15
🇺🇸 Danes · United States
1269
-12
🇺🇸 Varangians · United States
1265
-12
Mionel Lessi
1:22 Loom
11:26 Feudal Age
15:27 Castle Age
13:53 Double-Bit Axe
13:51 Horse Collar
15:28 Stone Mining
15:53 Gold Mining
16:41 Wheelbarrow
15:53 Town Watch
16:46 Heavy Plow
20:15 Bow Saw
22:46 Hand Cart
24:21 Stone Shaft Mining
27:13 Gold Shaft Mining
28:35 Fletching
28:45 Padded Archer Armor
30:59 Red Cliffs Tactics
31:16 Leather Archer Armor
30:55 Treadmill Crane
31:36 Ballistics
31:50 Masonry
34:04 Bodkin Arrow
36:42 Imperial Age
38:23 Chemistry
37:53 Architecture
37:19 Murder Holes
37:50 Conscription
36:50 Elite Fire Archer
37:37 Bracer
39:35 Two-Man Saw
46:21 Coinage
46:02 Guilds
__24_Thorfin_Arg
8:58 Loom
11:12 Feudal Age
17:33 Castle Age
16:07 Horse Collar
16:44 Fletching
17:17 Double-Bit Axe
18:15 Bodkin Arrow
18:43 Crossbowman
21:39 Padded Archer Armor
22:47 Thumb Ring
24:12 Gold Mining
25:25 Leather Archer Armor
29:08 Wheelbarrow
28:34 Man-at-Arms
29:47 Forging
34:45 Imperial Age
33:34 Ballistics
33:24 Masonry
33:22 Town Watch
33:50 Bow Saw
34:18 Gold Shaft Mining
34:48 Arbalester
35:29 Bracer
41:37 Ring Archer Armor
46:05 Hand Cart
47:58 Hand Cart
50:37 Two-Man Saw
As_Nicodemus_Arg
9:52 Feudal Age
8:55 Loom
11:16 Double-Bit Axe
14:53 Horse Collar
16:07 Wheelbarrow
19:06 Castle Age
17:18 Padded Archer Armor
17:57 Fletching
19:14 Gold Mining
19:09 Crossbowman
19:46 Bodkin Arrow
20:32 Bow Saw
21:29 Ballistics
25:00 Town Watch
28:41 Heavy Plow
32:52 Squires
33:34 Leather Archer Armor
34:11 Thumb Ring
34:15 Scale Mail Armor
38:56 Imperial Age
36:25 Stone Mining
37:55 Hand Cart
38:11 Chain Mail Armor
38:52 Forging
38:59 Arbalester
39:40 Bracer
41:14 Chemistry
41:53 Ring Archer Armor
40:52 Halberdier
43:47 Plate Mail Armor
43:52 Iron Casting
44:37 Conscription
47:52 Two-Man Saw
47:27 Gold Shaft Mining
47:28 Stone Shaft Mining
47:27 Arson
48:43 Blast Furnace
48:01 Torsion Engines
49:56 Elite Shotel Warrior
__16_Bacalao_ARG
5:20 Loom
10:43 Feudal Age
15:15 Castle Age
15:11 Double-Bit Axe
15:12 Horse Collar
16:04 Gold Mining
16:47 Forging
19:21 Bloodlines
25:57 Scale Barding Armor
29:13 Chain Barding Armor
34:05 Wheelbarrow
33:32 Heavy Plow
33:46 Bow Saw
35:04 Iron Casting
35:11 Hand Cart
37:18 Husbandry
41:48 Imperial Age
43:35 Cavalier
44:56 Plate Barding Armor
46:49 Savar
49:42 Blast Furnace
GeneralDavid51
4:59 Loom
12:17 Feudal Age
16:38 Castle Age
15:14 Horse Collar
17:25 Double-Bit Axe
25:43 Bloodlines
26:30 Scale Barding Armor
26:36 Forging
27:43 Chain Barding Armor
29:01 Husbandry
29:26 Forging
30:14 Bow Saw
32:05 Iron Casting
33:18 Wheelbarrow
38:10 Heavy Plow
41:57 Gold Mining
44:47 Imperial Age
44:23 Stone Mining
45:06 Vendel Legacy
47:52 Crop Rotation
48:49 Stone Shaft Mining
49:17 Conscription
49:04 Elite Jarl
TopDogThor
10:32 Feudal Age
14:37 Castle Age
12:55 Double-Bit Axe
14:09 Horse Collar
18:42 Loom
22:17 Gold Mining
23:16 Pikeman
29:24 Bow Saw
31:17 Squires
31:36 Arson
32:28 Wheelbarrow
32:01 Gambesons
31:37 Man-at-Arms
32:46 Scale Mail Armor
32:56 Forging
34:01 Gold Shaft Mining
34:05 Heavy Plow
35:20 Chain Mail Armor
35:40 Iron Casting
35:39 Long Swordsman
36:44 Elite Skirmisher
37:58 Padded Archer Armor
37:48 Fletching
39:47 Thumb Ring
39:44 Bodkin Arrow
40:04 Leather Archer Armor
42:58 Imperial Age
40:23 Stone Mining
43:47 Bracer
44:51 Blast Furnace
44:21 Plate Mail Armor
44:20 Imperial Skirmisher
45:39 Ring Archer Armor
44:38 Elite Varangian Guard
47:29 Hand Cart
49:45 Conscription
BlackStone
9:11 Loom
11:10 Feudal Age
12:02 Double-Bit Axe
14:48 Castle Age
23:05 Wheelbarrow
23:39 Forging
24:54 Scale Barding Armor
25:25 Iron Casting
26:32 Husbandry
26:43 Bloodlines
29:37 Chain Barding Armor
30:09 Horse Collar
34:18 Bow Saw
34:11 Heavy Plow
38:28 Imperial Age
35:24 Light Cavalry
37:40 Hand Cart
38:07 Cavalier
38:48 Scale Mail Armor
39:26 Plate Barding Armor
39:55 Blast Furnace
39:53 Hussar
39:58 Savar
SimbadMarino
5:34 Loom
12:53 Feudal Age
17:47 Castle Age
Connection lost

Rejoining the realm…

Still unreachable

The connection could not be restored.

Session expired

The server has moved on; the page needs a fresh start.